 Dungeon Crawl Stone Soup version 0.32-a0-815-g315f82d515 (webtiles) character file.

Game seed: 4402709547652970480

228613 Ajdolov the Bludgeoner (level 18, -8/163 HPs)
             Began as an Armataur Fighter on Mar 23, 2024.
             Was the Champion of Okawaru.
             Killed from afar by a nagaraja (37 damage)
             ... with a poison arrow
             ... on level 4 of the Snake Pit.
             The game lasted 01:27:24 (34964 turns).

Ajdolov the Bludgeoner (Armataur Fighter)          Turns: 34964, Time: 01:27:24

Health: -8/163     AC: 37    Str: 29    XL:     18   Next: 71%
Magic:  27/27      EV: -6    Int:  8    God:    Okawaru [******]
Gold:   1237       SH: 10    Dex: 11    Spells: 17/17 levels left

rFire   . . .        P - +9 eveningstar (chaos)
rCold   + . .        C - +0 kite shield {reflect}
rNeg    + . .        U - +4 storm dragon scales {Bai Suzhen}
rPois   .            L - +1 helmet
rElec   +            Q - +1 cloak
rCorr   +            k - +1 pair of gloves
SInv    .            f - +4 barding "Yfruv" {rC+ rN+ rCorr}
Will    ++...        N - amulet of regeneration Stlth
                     s - ring of poison resistance
HPRegen 1.27/turn    I - ring of willpower
MPRegen 0.20/turn

%: reflection, roll
@: lethally poisoned (-8 -> -28), about to teleport, weakened, poison
vulnerable, constricted
A: large, deformed body, tough skin 3, armoured tail, rollpage 2
}: 1/15 runes: barnacled
a: Renounce Religion, Heroism, Finesse, Duel


You were on level 4 of the Snake Pit.
You worshipped Okawaru.
Okawaru was exalted by your worship.
You visited 6 branches of the dungeon, and saw 31 of its levels.
You visited 1 bazaar.

You collected 3952 gold pieces.
You spent 2715 gold pieces at shops.

Inventory:

Hand Weapons
 P - a +9 eveningstar of chaos (weapon)
Missiles
 i - 45 boomerangs (quivered)
 p - 11 curare-tipped darts
 J - 26 javelins
 K - 6 throwing nets
 O - 27 silver javelins
Armour
 f - the +4 barding "Yfruv" (worn) {rC+ rN+ rCorr}
   (Okawaru gifted it to you on level 1 of the Lair of Beasts)

   rC+:       It protects you from cold.
   rN+:       It protects you from negative energy.
   rCorr:     It protects you from acid and corrosion.
 k - a +1 pair of gloves (worn)
 C - a +0 kite shield of reflection (worn)
 L - a +1 helmet (worn)
 Q - a +1 cloak (worn)
 U - +4 storm dragon scales (worn) {Bai Suzhen}
Jewellery
 s - a ring of poison resistance (left hand)
 B - a ring of see invisible
 I - a ring of willpower (right hand)
 N - an amulet of regeneration (around neck)
 T - the ring "Sowybieh" {rElec rN+ Str+3}
   (You found it on level 5 of the Lair of Beasts)

   [ring of positive energy]

   Str+3:     It affects your strength (+3).
   rElec:     It insulates you from electricity.
   rN+:       It protects you from negative energy.
 X - a ring of flight
Wands
 c - a wand of mindburst (6)
 q - a wand of digging (12)
 y - a wand of flame (30)
 E - a wand of warping (22)
 F - a wand of acid (4)
 H - a wand of polymorph (10)
Scrolls
 b - 3 scrolls of torment
 h - 18 scrolls of teleportation
 l - 4 scrolls of fog
 n - 5 scrolls of fear
 o - 5 scrolls of amnesia
 r - 4 scrolls of revelation
 t - 6 scrolls of noise
 v - 3 scrolls of poison
 w - 5 scrolls of vulnerability
 G - 2 scrolls of immolation
 M - 3 scrolls of blinking
 V - a scroll of enchant armour
 W - a scroll of silence
 Y - 2 scrolls of enchant weapon
Potions
 a - 6 potions of curing
 g - 9 potions of mutation
 j - 12 potions of lignification
 u - 2 potions of haste
 x - 4 potions of resistance
 z - 7 potions of attraction
 A - 3 potions of heal wounds
 D - a potion of magic
 R - 2 potions of invisibility
 S - 2 potions of ambrosia
 Z - a potion of berserk rage {unknown}
Miscellaneous
 d - a condenser vane (inert)
 e - a lightning rod (4/4)
 m - a phial of floods


   Skills:
 - Level 15.0 Fighting
 - Level 16.0 Maces & Flails
 * Level 14.5 Throwing
 - Level 15.0 Armour
 - Level 10.0 Shields
 - Level 12.0 Invocations
 - Level 10.0 Evocations


You had 17 spell levels left.
You didn't know any spells.
Your spell library contained the following spells:

 Spells                   Type           Power      Damage    Failure   Level
 Apportation              Tloc           0%         N/A       93%         1
 Necrotise                Necr           0%         1d4       93%         1
 Sandblast                Erth           0%         2d4       93%         1
 Sting                    Conj/Alch      0%         1d3       93%         1
 Blink                    Tloc           0%         N/A       98%         2
 Cigotuvi's Dreadful Rot  Necr/Alch/Air  0%         N/A       98%         2
 Jinxbite                 Hex            0%         N/A       98%         2
 Lesser Beckoning         Tloc           0%         N/A       98%         2
 Momentum Strike          Conj/Tloc      0%         3d8       98%         2
 Static Discharge         Conj/Air       0%         3-3/arc   98%         2
 Dazzling Flash           Conj/Hex       0%         N/A       100%        3
 Fugue of the Fallen      Necr           0%         N/A       100%        3
 Gell's Gravitas          Tloc           0%         N/A       100%        3
 Inner Flame              Hex/Fire       0%         N/A       100%        3
 Mephitic Cloud           Conj/Alch/Air  0%         N/A       100%        3
 Ozocubu's Armour         Ice            0%         N/A       100%        3
 Stone Arrow              Conj/Erth      0%         3d7       100%        3
 Teleport Other           Tloc           0%         N/A       100%        3
 Volatile Blastmotes      Fire/Tloc      0%         2d10      100%        3
 Airstrike                Air            0%         2d(0-16)  100%        4
 Brom's Barrelling Bould  Conj/Erth      0%         2d3       100%        4
 Dimensional Bullseye     Hex/Tloc       0%         N/A       100%        4
 Dispel Undead            Necr           0%         3d6       100%        4
 Fulminant Prism          Conj/Alch      0%         3d5       100%        4
 Iskenderun's Mystic Bla  Conj/Tloc      0%         2d3       100%        4
 Leda's Liquefaction      Alch/Erth      0%         N/A       100%        4
 Manifold Assault         Tloc           0%         N/A       100%        4
 Passage of Golubria      Tloc           0%         N/A       100%        4
 Petrify                  Alch/Erth      0%         N/A       100%        4
 Vhi's Electric Charge    Tloc/Air       0%         N/A       100%        4
 Alistair's Intoxication  Alch           0%         N/A       100%        5
 Arcjolt                  Conj/Air       0%         1d10      100%        5
 Curse of Agony           Necr           0%         N/A       100%        5
 Irradiate                Conj/Alch      0%         3d11      100%        5
 Metabolic Englaciation   Hex/Ice        0%         N/A       100%        5
 Silence                  Hex/Air        0%         N/A       100%        5
 Yara's Violent Unravell  Hex/Alch       0%         3d3       100%        5
 Dispersal                Tloc           0%         N/A       100%        6
 Ozocubu's Refrigeration  Ice            0%         4d7       100%        7
 Ignition                 Fire           0%         3d3       100%        8
 Maxwell's Capacitive Co  Air            0%         ∞         100%        8
 Polar Vortex             Ice            0%         N/A       100%        9
 Summon Small Mammal      Summ           Unusable   N/A       N/A         1
 Tukima's Dance           Hex            Unusable   N/A       N/A         3
 Martyr's Knell           Necr/Summ      Unusable   N/A       N/A         4
 Summon Lightning Spire   Summ/Air       Unusable   N/A       N/A         4
 Sculpt Simulacrum        Ice/Alch       Unusable   N/A       N/A         6

Dungeon Overview and Level Annotations

Branches:
Dungeon (15/15)            Temple (1/1) D:4            Lair (5/5) D:11
 Shoals (4/4) Lair:3        Snake (4/4) Lair:3        Slime (0/5) Lair:4
    Orc (2/2) D:9             Elf (0/3) Orc:2        Vaults (0/5) D:14
 Depths (0/4) D:15

Altars:
Ashenzari
Cheibriados
Dithmenos
Elyvilon
Fedhas
Gozag
Hepliaklqana
Kikubaaqudgha
Makhleb
Nemelex Xobeh
Okawaru
Qazlal
Ru
Sif Muna
Trog
Uskayaw
Vehumet
Wu Jian
Xom
Yredelemnul
Zin
The Shining One
Jiyva

Shops:
D:4 *   D:15 =   Orc:2 *[*(   Shoals:1 **   Snake:2 ==:   Snake:4 :*

Annotations:
D:9 2 runed translucent doors
D:15 Jorgrun
Snake:1 1 transporter, 1 runed translucent door


Innate Abilities, Weirdness & Mutations

Armour fits poorly on your strangely shaped body.
You have extremely tough skin. (AC +3)
You have a long armoured tail.
You regenerate magic and health when rolling toward enemies. (Rampage Regen)


Message History

You bludgeon the nagaraja!!
The nagaraja's magic leaks into the air.
The nagaraja is heavily wounded.
You feel very sick.
The nagaraja hits you but does no damage.
The nagaraja grabs you. The nagaraja constricts you.
* * * LOW HITPOINT WARNING * * *
You barely miss the nagaraja.
The nagaraja is heavily wounded.
You feel very sick. The nagaraja hits you with a +0 whip.
* * * LOW HITPOINT WARNING * * *
The nagaraja constricts you.
* * * LOW HITPOINT WARNING * * *
As you read the scroll of teleportation, it crumbles to dust.
You feel strangely unstable.
You feel very sick.
The nagaraja hits you but does no damage.
The nagaraja constricts you. The nagaraja hits you with a +0 whip.
* * * LOW HITPOINT WARNING * * *
The nagaraja constricts you.
You feel better.
The nagaraja's magic is no longer disrupted.
The nagaraja hits you but does no damage.
The nagaraja constricts you.
Unknown command.
You puncture the nagaraja!
You feel better.
You tail-slap the nagaraja, but do no damage.
The nagaraja is severely wounded.
The nagaraja points at you and mumbles some strange words.
The bolt of poison hits you!
You are poisoned.
* * * LOW HITPOINT WARNING * * *
The nagaraja constricts you.
* * * LOW HITPOINT WARNING * * *
You feel better. You block the nagaraja's attack. The nagaraja constricts you.
The nagaraja gestures at you while chanting.
The poison arrow hits you!!!
You are poisoned.
You die...

# ###.###
##.§§≈≈### #
##..#
##.N≈§≈## #
##.##
##§.§≈≈##
##.###..≈§≈##
#<##..≈§≈##
###.#..≈§≈##
#..##..§≈≈#
##.###'#####
##...@N)#
##..#†####
#.....##
#......#
#......##
#.......#
##.......#
#........##
#.........#


You could see a nagaraja (fast).

Vanquished Creatures
  Vashnia (Arena)
  Bai Suzhen (Arena)
  Rupert (Snake:1)
  Frances (D:12)
  Polyphemus (Shoals:4)
  5 krakens (Shoals:3)
  Agnes (Snake:3)
  Roxanne (D:15)
  Ilsuiw (Shoals:2)
  Donald (Snake:3)
  3 dire elephants (Lair:5)
  An ettin (D:15)
  13 merfolk javelineers
  6 merfolk impalers
  Harold (D:11)
  3 salamander tyrants
  3 hydras
  5 merfolk avatars
  Erica (D:11)
  An ogre mage (D:15)
  3 alligator snapping turtles
  A catoblepas (Shoals:4)
  A jorogumo (Snake:3)
  7 anacondas
  5 merfolk aquamancers
  A death knight (D:14)
  8 two-headed ogres
  24 death yaks
  3 orc high priests (Orc:2)
  4 boulder beetles
  3 centaur warriors
  An occultist (D:15)
  2 tengu warriors (D:15)
  8 shock serpents
  15 naga warriors
  Urug (Orc:1)
  11 naga sharpshooters
  Amaemon (D:8)
  10 skysharks
  A spectral death yak (Lair:5)
  7 skeletal warriors (D:15)
  3 salamander mystics
  A spectral anaconda (Lair:5)
  12 sea snakes
  11 mana vipers
  10 naga ritualists
  An obsidian statue (Lair:5)
  4 necromancers
  2 deep elf pyromancers
  A lindwurm (Lair:3)
  An obsidian bat (Orc:2)
  An orc knight (Orc:2)
  16 harpies
  9 cyclopes
  14 manticores
  13 salamanders
  4 orc sorcerers (Orc:2)
  12 ugly things
  3 fauns (Shoals:2)
  A dire elephant zombie (Lair:5)
  14 elephants (Lair:5)
  6 merfolk sirens
  2 guardian serpents
  4 slime creatures
  38 black mambas
  2 kobold blastminers (Orc:1)
  6 water nymphs
  16 naga magi
  An orange demon (D:8)
  9 cane toads
  2 gargoyles
  A kobold demonologist (D:11)
  An unseen horror zombie (D:8)
  Jeremiah (Lair:1)
  A rime drake (shapeshifter) (D:15)
  5 rime drakes
  3 freezing wraiths (D:14)
  2 komodo dragons
  7 wind drakes
  40 merfolk
  Prince Ribbit (Lair:3)
  3 polar bears
  8 trolls
  12 snapping turtles
  8 dream sheep
  6 blink frogs
  4 wyverns
  A centaur simulacrum (D:14)
  A dire elephant simulacrum (Lair:5)
  3 shadows
  Sigmund (D:2)
  7 basilisks
  A wraith (D:11)
  A vampire (D:13)
  69 yaks
  11 water elementals
  2 hogs (D:15)
  3 humans (D:15)
  4 steam dragons
  2 vampire mosquitoes (D:14)
  4 wargs
  A naga (shapeshifter) (D:13)
  2 spectral cane toads (Lair:5)
  58 nagas
  36 water moccasins
  An acid dragon (D:12)
  2 ice beasts
  33 orc warriors
  A sky beast (D:8)
  2 black bears
  2 elephant zombies (Lair:5)
  A crocodile (shapeshifter) (D:9)
  7 ogres
  21 wolves
  A centaur (D:10)
  3 phantoms
  3 kobold brigands
  8 bullfrogs
  Blork the orc (D:6)
  2 cane toad simulacra (Lair:5)
  3 scorpions
  A wyvern zombie (D:8)
  3 wights (D:7)
  16 killer bees
  An electric eel (Lair:3)
  7 howler monkeys
  3 hounds
  8 jellies
  2 bombardier beetles
  23 orc priests
  Terence (D:2)
  5 hell rats (Lair:1)
  3 iguanas
  36 orc wizards
  11 gnolls
  20 adders
  3 ufetubi
  5 dart slugs
  A ribbon worm (D:3)
  105 orcs
  10 ball pythons
  6 endoplasms
  A giant cockroach (D:1)
  5 goblins
  6 hobgoblins
  A jackal (D:5)
  3 quokkas
  2 bats
  2 frilled lizards
  19 kobolds
  7 rats
  A butterfly (Lair:4)
  24 tentacles (Shoals:3)
1129 creatures vanquished.

Vanquished Creatures (collateral kills)
  A death yak (Lair:4)
1 creature vanquished.

Vanquished Creatures (others)
  Mlioglotl (Snake:1)
  Kirke (D:15)
  A merfolk aquamancer (Shoals:3)
  A merfolk (Shoals:3)
  2 nagas
  53 tentacles (Shoals:3)
59 creatures vanquished.

Grand Total: 1189 creatures vanquished

Notes
Turn   | Place    | Note
-------+----------+-------------------------------------------
     0 | D:1      | Ajdolov the Armataur Fighter began the quest for the Orb.
     0 | D:1      | Reached XP level 1. HP: 18/18 MP: 1/1
   377 | D:1      | Reached XP level 2. HP: 26/26 MP: 2/2
   401 | D:1      | Found a faded altar of an unknown god.
  1462 | D:2      | Noticed Terence
  1469 | D:2      | Killed Terence
  1470 | D:2      | Reached XP level 3. HP: 21/33 MP: 3/3
  1653 | D:2      | Noticed Sigmund
  1781 | D:2      | Killed Sigmund
  1782 | D:2      | Reached skill level 5 in Fighting
  1782 | D:2      | Reached skill level 3 in Maces & Flails
  1782 | D:2      | Reached XP level 4. HP: 30/42 MP: 4/4
  1782 | D:2      | Reached XP level 5. HP: 34/48 MP: 5/5
  2609 | D:3      | Found a glowing golden altar of the Shining One.
  3069 | D:4      | Reached skill level 4 in Maces & Flails
  3069 | D:4      | Reached XP level 6. HP: 46/56 MP: 6/6
  3071 | D:4      | Found a blossoming altar of Fedhas.
  3187 | D:4      | Found a hazy altar of Hepliaklqana.
  3188 | D:4      | Found a staircase to the Ecumenical Temple.
  3204 | Temple   | Entered the Ecumenical Temple
  3214 | Temple   | Became a worshipper of Warmaster Okawaru
  3451 | D:4      | Reached skill level 5 in Maces & Flails
  3704 | D:4      | Found Zaulech's Assorted Antiques.
  3970 | D:5      | Entered Level 5 of the Dungeon
  3984 | D:5      | Gained mutation: You regenerate magic and health when
                  | rolling toward enemies. (Rampage Regen) [Armataur growth]
  3984 | D:5      | Reached XP level 7. HP: 54/61 MP: 7/7
  4045 | D:5      | Reached skill level 6 in Maces & Flails
  4354 | D:5      | Reached * piety under Okawaru
  4412 | D:5      | Reached skill level 7 in Maces & Flails
  4531 | D:5      | Reached XP level 8. HP: 65/68 MP: 8/8
  4745 | D:6      | Reached skill level 8 in Maces & Flails
  4769 | D:6      | Noticed Blork the orc
  4856 | D:6      | Killed Blork the orc
  4898 | D:6      | Reached ** piety under Okawaru
  4961 | D:6      | Found a snail-covered altar of Cheibriados.
  5051 | D:6      | Reached skill level 9 in Maces & Flails
  5404 | D:7      | Found an opulent altar of Gozag.
  5430 | D:7      | Found a burning altar of Makhleb.
  5432 | D:7      | Noticed a cacodemon
  5518 | D:7      | Reached skill level 10 in Maces & Flails
  5523 | D:7      | Reached skill level 1 in Invocations
  5523 | D:7      | Reached XP level 9. HP: 65/74 MP: 8/10
  6509 | D:8      | Noticed a two-headed ogre
  6616 | D:8      | Reached *** piety under Okawaru
  6617 | D:8      | Reached skill level 5 in Invocations
  6656 | D:8      | Noticed Amaemon
  6656 | D:8      | Noticed an orange demon
  6680 | D:8      | Killed an orange demon
  6692 | D:8      | HP: 3/74 [Amaemon/-1 demon whip of venom (4)]
  6692 | D:8      | HP: 1/74 [Amaemon/-1 demon whip of venom (2)]
  6702 | D:8      | HP: 3/74 [Amaemon/-1 demon whip of venom (1)]
  6705 | D:8      | Killed Amaemon
  7484 | D:8      | Reached **** piety under Okawaru
  7485 | D:8      | Reached XP level 10. HP: 76/81 MP: 16/16
  7488 | D:8      | Found a basalt altar of Yredelemnul.
  7570 | D:9      | Noticed a two-headed ogre
  7584 | D:9      | Killed a two-headed ogre
  7747 | D:9      | Found a staircase to the Orcish Mines.
  7842 | D:9      | Reached skill level 10 in Invocations
  7850 | D:9      | Reached skill level 1 in Evocations
  8332 | D:9      | Found a large runed translucent door.
  8332 | D:9      | Found a large runed translucent door.
  8332 | D:9      | Noticed a deep elf pyromancer
  8345 | D:9      | Found a large runed translucent door.
  8345 | D:9      | Found a large runed translucent door.
  8389 | D:9      | Noticed a harpy
  8391 | D:9      | a harpy changed into a gnoll
  8423 | D:9      | Reached skill level 5 in Evocations
  8476 | D:9      | Noticed a manticore
  8486 | D:9      | Killed a manticore
  8541 | D:9      | Identified the +7 scale mail of Honour {-Tele rPois rN+}
  8885 | D:9      | Noticed a two-headed ogre
  8888 | D:9      | Noticed a harpy
  8908 | D:9      | Killed a two-headed ogre
  8909 | D:9      | Reached skill level 5 in Armour
  8909 | D:9      | a harpy changed into a troll
  8917 | D:9      | Reached XP level 11. HP: 70/86 MP: 15/18
  8950 | D:9      | Noticed a skeletal warrior
  9400 | D:10     | Entered Level 10 of the Dungeon
  9450 | D:10     | Reached ***** piety under Okawaru
  9470 | D:10     | Killed a two-headed ogre
  9471 | D:10     | Reached skill level 11 in Maces & Flails
 10245 | D:11     | Noticed Harold
 10265 | D:11     | Killed Harold
 10905 | D:11     | Received a gift from Okawaru
 10906 | D:11     | Reached skill level 12 in Maces & Flails
 11024 | D:11     | Noticed a boulder beetle
 11053 | D:11     | Killed a boulder beetle
 11137 | D:11     | Noticed Erica
 11151 | D:11     | Killed Erica
 11232 | D:11     | Reached skill level 10 in Armour
 11494 | D:11     | Found a staircase to the Lair.
 11625 | Lair:1   | Entered Level 1 of the Lair of Beasts
 11700 | Lair:1   | Reached XP level 12. HP: 76/94 MP: 19/19
 11729 | Lair:1   | Noticed Jeremiah
 11770 | Lair:1   | Killed Jeremiah
 12011 | Lair:1   | Reached skill level 13 in Maces & Flails
 12240 | Lair:1   | Received a gift from Okawaru
 12364 | Lair:1   | Reached ****** piety under Okawaru
 12383 | Lair:1   | Acquired a +2 eveningstar of protection
 12383 | Lair:1   | Received a gift from Okawaru
 12388 | Lair:1   | Acquired the +4 barding "Yfruv" {rC+ rN+ rCorr}
 12388 | Lair:1   | Received a gift from Okawaru
 12666 | Lair:1   | Received a gift from Okawaru
 13163 | Lair:2   | Reached skill level 14 in Maces & Flails
 13373 | Lair:2   | Received a gift from Okawaru
 14014 | Lair:3   | Noticed a death yak
 14014 | Lair:3   | Noticed a death yak
 14014 | Lair:3   | Noticed a death yak
 14014 | Lair:3   | Noticed a death yak
 14014 | Lair:3   | Noticed a death yak
 14014 | Lair:3   | Noticed a death yak
 14023 | Lair:3   | Killed a death yak
 14034 | Lair:3   | Killed a death yak
 14042 | Lair:3   | Killed a death yak
 14051 | Lair:3   | Killed a death yak
 14052 | Lair:3   | Reached XP level 13. HP: 50/100 MP: 21/21
 14056 | Lair:3   | Received a gift from Okawaru
 14251 | Lair:3   | Reached skill level 15 in Maces & Flails
 14348 | Lair:3   | Found a staircase to the Snake Pit.
 14389 | Lair:3   | Noticed Prince Ribbit
 14397 | Lair:3   | Killed Prince Ribbit
 14523 | Lair:3   | Found a staircase to the Shoals.
 14809 | Lair:3   | Received a gift from Okawaru
 15180 | Lair:4   | Reached skill level 5 in Shields
 15408 | Lair:4   | Found a viscous altar of Jiyva.
 15408 | Lair:4   | Found a staircase to the Slime Pits.
 15512 | Lair:4   | Reached skill level 16 in Maces & Flails
 15522 | Lair:4   | Reached skill level 1 in Throwing
 16058 | Lair:4   | Received a gift from Okawaru
 16227 | D:12     | Noticed Frances
 16256 | D:12     | Killed Frances
 16698 | D:12     | Reached skill level 5 in Throwing
 16698 | D:12     | Reached XP level 14. HP: 110/110 MP: 23/23
 16954 | D:13     | Found a flickering gateway to a bazaar.
 16970 | Bazaar   | Entered a bazaar
 16970 | Bazaar   | Found Tuic's Antique Armour Shop.
 16973 | Bazaar   | Found Yboutoda's Jewellery Boutique.
 16995 | Bazaar   | Found Ofimevem's Antique Armour Emporium.
 17010 | Bazaar   | Found Tetur's Antique Armour Boutique.
 17067 | Bazaar   | Bought a runed plate armour for 702 gold pieces
 17080 | Bazaar   | Bought a helmet for 126 gold pieces
 17089 | Bazaar   | Bought a cloak for 99 gold pieces
 17962 | D:14     | Found a gate to the Vaults.
 18431 | D:14     | Received a gift from Okawaru
 18899 | D:15     | Entered Level 15 of the Dungeon
 18920 | D:15     | Found a staircase to the Depths.
 18993 | D:15     | Noticed Roxanne
 19011 | D:15     | Killed Roxanne
 19194 | D:15     | Received a gift from Okawaru
 19431 | D:15     | Found the +3 hat of Pondering {ponderous, Will+ MP+10
                  | Int+5}
 19504 | D:15     | Found Soocus's Jewellery Emporium.
 19702 | D:15     | Noticed Kirke
 19717 | D:15     | Received a gift from Okawaru
 19722 | D:15     | Killed Kirke
 19811 | D:15     | Reached skill level 10 in Throwing
 19870 | D:15     | Noticed Jorgrun
 20083 | Orc:1    | Entered Level 1 of the Orcish Mines
 20087 | Orc:1    | Noticed Urug
 20142 | Orc:1    | Killed Urug
 20143 | Orc:1    | Reached XP level 15. HP: 75/124 MP: 24/24
 20289 | Orc:2    | Entered Level 2 of the Orcish Mines
 20794 | Orc:2    | Reached skill level 10 in Fighting
 20832 | Orc:2    | Found Mastosol's Antique Armour Shop.
 20832 | Orc:2    | Found Oklys's Antique Weapon Boutique.
 20840 | Orc:2    | Found Kujy's Assorted Antiques.
 20842 | Orc:2    | Found Nafihack's Assorted Antiques.
 20852 | Orc:2    | Bought a scroll of teleportation for 90 gold pieces
 20852 | Orc:2    | Bought a scroll of fog for 120 gold pieces
 20852 | Orc:2    | Bought a potion of mutation for 240 gold pieces
 20853 | Orc:2    | Bought a potion of haste for 180 gold pieces
 20853 | Orc:2    | Bought a potion of lignification for 54 gold pieces
 21063 | Orc:2    | Received a gift from Okawaru
 21071 | Orc:2    | Found a staircase to the Elven Halls.
 21802 | D:4      | Bought 3 scrolls of teleportation for 207 gold pieces
 21802 | D:4      | Bought a scroll of identify for 46 gold pieces
 21802 | D:4      | Bought a potion of heal wounds for 115 gold pieces
 21802 | D:4      | Bought a murky yellow potion for 20 gold pieces
 21802 | D:4      | Bought a scroll labelled ZENOEJASAC for 23 gold pieces
 21802 | D:4      | Bought 2 scrolls of vulnerability for 184 gold pieces
 22027 | Lair:5   | Entered Level 5 of the Lair of Beasts
 22459 | Lair:5   | Received a gift from Okawaru
 23122 | Lair:5   | Received a gift from Okawaru
 23511 | Lair:5   | Identified the ring "Sowybieh" {rElec rN+ Str+3}
 23568 | Lair:5   | Received a gift from Okawaru
 23668 | Snake:1  | Entered Level 1 of the Snake Pit
 23774 | Snake:1  | Noticed Mlioglotl
 23780 | Snake:1  | Noticed a bone dragon
 23792 | Snake:1  | Killed Mlioglotl
 23842 | Snake:1  | Reached XP level 16. HP: 120/140 MP: 25/25
 24282 | Snake:1  | Received a gift from Okawaru
 24418 | Snake:1  | Noticed Rupert
 24436 | Snake:1  | Killed Rupert
 24474 | Snake:1  | Found a transporter.
 24475 | Snake:1  | Found a shimmering blue altar of Sif Muna.
 24569 | Snake:1  | Reached skill level 10 in Evocations
 24938 | Snake:1  | Found a runed translucent door.
 25501 | Snake:2  | Received a gift from Okawaru
 25990 | Snake:2  | Received a gift from Okawaru
 26102 | Snake:2  | Found Nisk's Book Emporium.
 26102 | Snake:2  | Found Otuokk's Jewellery Shop.
 26103 | Snake:2  | Found Vean's Jewellery Shop.
 26416 | Snake:3  | Noticed Donald
 26441 | Snake:3  | Killed Donald
 26574 | Snake:3  | Noticed Vashnia
 26764 | Arena    | Entered the Arena
 26782 | Arena    | Killed Vashnia
 26872 | Arena    | Entered the Arena
 27138 | Snake:3  | Reached XP level 17. HP: 144/151 MP: 26/26
 27165 | Snake:3  | Received a gift from Okawaru
 27342 | Snake:3  | Noticed Agnes
 27352 | Snake:3  | Killed Agnes
 27668 | Snake:3  | Noticed Bai Suzhen
 27690 | Arena    | Entered the Arena
 27698 | Arena    | Killed Bai Suzhen
 28200 | Shoals:1 | Entered Level 1 of the Shoals
 28307 | Shoals:1 | Received a gift from Okawaru
 28399 | Shoals:1 | Found Qixzanaq's General Store.
 28405 | Shoals:1 | Found Vorimuul's Specific Store.
 28410 | Shoals:1 | Bought a scroll of fear for 52 gold pieces
 28902 | Shoals:2 | Noticed Ilsuiw
 28956 | Shoals:2 | Killed Ilsuiw
 28957 | Shoals:2 | Reached skill level 10 in Shields
 28992 | Shoals:2 | Identified the +1 ring mail of Restlessness {Harm Rampage
                  | rF- Int+3}
 29013 | Shoals:2 | Reached skill level 15 in Fighting
 29175 | Shoals:2 | Received a gift from Okawaru
 29548 | Shoals:2 | Identified the +9 flail of Wu Jian's Supremacy {freeze,
                  | rC+}
 29881 | Shoals:3 | Noticed a kraken
 29881 | Shoals:3 | Noticed a kraken
 29932 | Shoals:3 | Identified a scroll of acquirement
 30078 | Shoals:3 | Killed a kraken
 30090 | Shoals:3 | Noticed a kraken
 30236 | Shoals:3 | Noticed a kraken
 30662 | Shoals:3 | Killed a kraken
 30898 | Shoals:3 | Killed a kraken
 30931 | Shoals:3 | Killed a kraken
 30931 | Shoals:3 | Received a gift from Okawaru
 31327 | Snake:2  | Bought a ring of flight for 210 gold pieces
 31585 | Shoals:3 | Noticed a kraken
 31609 | Shoals:3 | Killed a kraken
 32016 | Shoals:3 | Identified the +8 hand axe "Goblinslayer" {heavy, rF+ Int+3
                  | Dex+3}
 32221 | Shoals:3 | Acquired 689 gold pieces
 32224 | Shoals:4 | Entered Level 4 of the Shoals
 32292 | Shoals:4 | Reached XP level 18. HP: 140/163 MP: 27/27
 32555 | Shoals:4 | Identified the +8 lajatang of the Mushroom {flame, rElec
                  | Str+3 Stlth+}
 32692 | Shoals:4 | Received a gift from Okawaru
 32755 | Shoals:4 | Got a barnacled rune of Zot
 33269 | Shoals:4 | Reached skill level 15 in Armour
 33587 | Shoals:4 | Noticed Polyphemus
 33594 | Shoals:4 | Killed Polyphemus
 33797 | Snake:4  | Entered Level 4 of the Snake Pit
 34057 | Snake:4  | Found Ebejum's Assorted Antiques.
 34057 | Snake:4  | Found Ewu Ped's Book Boutique.
 34145 | Snake:4  | Bought a scroll of enchant armour for 195 gold pieces
 34145 | Snake:4  | Bought a scroll of identify for 52 gold pieces
 34334 | Snake:4  | Received a gift from Okawaru
 34964 | Snake:4  | Killed from afar by a nagaraja

Illustrated notes

Levels and vault maps discovered:
D:1:      minmay_arrival_nine_rooms, layout_basic, ebering_ecumenical_altar_box,
          chequers_serial_rivers_large_b
D:2:      wad_crossroads, layout_basic, uniq_terence, uniq_sigmund
D:3:      layout_basic, mainiacjoe_overflow_brackets
D:4:      layout_basic, fedhas_altar_2, mainiacjoe_overflow_boulevard,
          minmay_temple_entry_mist, serial_shops, nicolae_stop_n_shop_2,
          dk_noncrumbling_2, chequers_serial_rivers_micro_a, grunt_ministairs_2
D:5:      minmay_bubble_buster, layout_cave_pools
D:6:      layout_cave_pools, kennysheep_slug_shrine, nicolae_tricolors,
          uniq_blork_the_orc
D:7:      layout_loops_ring, grunt_gozag_breadcrumbs, makhleb_altar_promises_db,
          serial_aquarium, aquarium_bridge_long_joined [aquarium_subvault_wall,
          aquarium_subvault_bridge, aquarium_subvault_bridge,
          aquarium_subvault_window, aquarium_subvault_window,
          aquarium_subvault_window], aquarium_window_fake, aquarium_window_fake,
          aquarium_window_corner, aquarium_window_1, aquarium_view_2b,
          reono_crystal_passage
D:8:      layout_loops_ring, lemuel_zombie_altar_yredelemnul, uniq_amaemon
D:9:      layout_small_grid, hiddenorc2_lemuel, minmay_hollow_rounded_squares
D:10:     layout_gridville
D:11:     layout_gridville, lair_entry_dummy, minivault_27, uniq_harold,
          uniq_erica
D:12:     layout_roguey, uniq_frances
D:13:     layout_loops_ring, serial_shops, bzr_entry_gold
D:14:     layout_basic, hellmonk_vaults_attempted_burglary,
          amcnicky_mini_rare_corridor_liquid, grunt_decor_arrowhead
D:15:     hangedman_depths_entry_civil_slaughter, layout_layer_cave,
          okawaru_gym_becter, serial_shops, nicolae_shop_gaudy_bauble,
          uniq_kirke, uniq_roxanne, uniq_jorgrun
Temple:   nicolae_temple_no_exploring_needed
Lair:1:   lemuel_reptile_caves, layout_loops_ring, uniq_jeremiah
Lair:2:   layout_cellular_growth
Lair:3:   layout_cave_pods, elwin_shoals_entry_rooms,
          minmay_snake_entry_guardpost_small, uniq_prince_ribbit2
Lair:4:   beargit_carnivore_pack, layout_cave_pods,
          nicolae_slime_entry_slimehenge, st_stairs_4, lemuel_fruit_fields,
          lemuel_fruit_fields
Lair:5:   due_jungle_book, layout_regular_city
Shoals:1: layout_shoals, nicolae_specific_store
Shoals:2: layout_shoals, uniq_ilsuiw
Shoals:3: nicolae_shoals_lighthouse, layout_shoals
Shoals:4: shoals_end_simple, layout_shoals, shoals_ilsuiw_ice, uniq_polyphemus
Snake:1:  gammafunk_sealed_library, layout_basic, lightli_airlock,
          uniq_mlioglotl, uniq_rupert
Snake:2:  layout_rooms, minmay_shop_grove, grunt_megastairs_1
Snake:3:  layout_cave_town, nicolae_snake_guarding_the_ruins, uniq_vashnia,
          uniq_bai_suzhen, uniq_agnes, uniq_donald
Snake:4:  snake_pit_salamanders_mu, layout_cave_pods, minmay_shoptagon
Orc:1:    layout_caves, uniq_urug
Orc:2:    st_orc_mages, layout_caves

Skill      XL: |  1  2  3  4  5  6  7  8  9 10 11 12 13 14 15 16 17 18 |
---------------+-------------------------------------------------------+-----
Fighting       | 3 4 5 6 9 12 14 15 | 15.0
Maces & Flails | 3 4 5 7 10 12 14 16 | 16.0
Invocations    | 1 8 10 11 12 | 12.0
Evocations     | 5 8 10 | 10.0
Armour         | 5 10 12 14 15 | 15.0
Shields        | 5 7 10 | 10.0
Throwing       | 5 10 11 14 | 14.5

Action                     |  1- 3 |  4- 6 |  7- 9 | 10-12 | 13-15 | 16-18 || total
---------------------------+-------+-------+-------+-------+-------+-------++-------
  Melee: Flail             |    80 |   161 |   357 |   295 |       |       ||   893
         Tailslap          |    10 |     9 |    38 |   120 |   218 |   252 ||   647
         Demon whip        |       |       |    43 |   377 |       |       ||   420
         Eveningstar       |       |       |       |   184 |  1290 |  1421 ||  2895
  Throw: Dart              |       |       |       |     2 |     3 |     3 ||     8
         Boomerang         |       |       |       |       |       |    89 ||    89
 Invoke: Finesse           |       |       |       |     1 |     2 |     5 ||     8
         Receive Weapon    |       |       |       |     1 |       |       ||     1
         Receive Armour    |       |       |       |     1 |       |       ||     1
         Duel              |       |       |       |       |       |     3 ||     3
  Evoke: Wand              |       |       |     2 |     5 |     2 |     2 ||    11
         Condenser vane    |       |       |       |       |     1 |     2 ||     3
         Phial of floods   |       |       |       |       |       |     2 ||     2
         Lightning rod     |       |       |       |       |       |     3 ||     3
    Use: Scroll            |       |     6 |     7 |     9 |    13 |    13 ||    48
         Potion            |       |     1 |     6 |       |     5 |     6 ||    18
   Stab: Confused          |       |       |       |       |     9 |     9 ||    18
         Held in net/web   |       |       |       |       |     3 |     1 ||     4
         Petrified         |       |       |       |       |     1 |       ||     1
         Paralysed         |       |       |       |       |     3 |     3 ||     6
         Petrifying        |       |       |       |       |     3 |     3 ||     6
         Distracted        |       |       |       |       |     1 |     2 ||     3
 Armour: Scale mail        |    39 |       |       |       |       |       ||    39
         Chain mail        |     9 |   171 |   296 |   484 |   286 |       ||  1246
         Plate armour      |       |       |       |       |   834 |   672 ||  1506
         Storm dragon scal |       |       |       |       |       |  1192 ||  1192
  Dodge: Dodged            |    19 |    40 |   138 |   190 |   373 |   187 ||   947
  Block: Buckler           |    16 |    29 |   188 |   198 |   229 |    44 ||   704
         Reflection        |       |       |     1 |     6 |       |    61 ||    68
         Kite shield       |       |       |       |       |       |   603 ||   603

Table legend: (Time is in decaauts)
 A = Elapsed time spent in this place.
 B = Non-inter-level travel time spent in this place.
 C = Inter-level travel time spent in this place.
 D = Time resting spent in this place.
 E = Time spent auto-exploring this place.
 F = Levels seen in this place.
 G = Mean time per level.
                   A        B        C        D        E       F      G
               +--------+--------+--------+--------+--------+-----+--------+
         Total |  34034 |  31519 |   2515 |   3269 |  19618 |  35 |  972.4 |
       Dungeon |  15457 |  14531 |    926 |   1218 |  10146 |  15 | 1030.5 |
        Temple |     19 |     11 |      8 |      0 |      0 |   1 |   19.0 |
          Lair |   6234 |   5634 |    600 |    235 |   3827 |   5 | 1246.8 |
        Shoals |   5032 |   4612 |    420 |    690 |   2341 |   4 | 1258.0 |
     Snake Pit |   5592 |   5151 |    441 |    960 |   2480 |   4 | 1398.0 |
  Orcish Mines |   1482 |   1364 |    118 |    144 |    774 |   2 |  741.0 |
        Bazaar |    148 |    148 |      0 |      0 |     50 |   1 |  148.0 |
         Arena |     66 |     66 |      0 |     21 |      0 |   3 |   22.0 |
               +--------+--------+--------+--------+--------+-----+--------+

Top non-repeatable levels by time:
Shoals:3: 2029 daAuts
 Snake:2: 1715 daAuts
 Snake:1: 1683 daAuts
     D:9: 1647 daAuts
    D:11: 1550 daAuts
  Lair:3: 1423 daAuts
  Lair:5: 1400 daAuts
     D:8: 1276 daAuts
  Lair:1: 1226 daAuts
Shoals:4: 1204 daAuts
  Lair:2: 1148 daAuts
     D:2: 1140 daAuts
    D:14: 1140 daAuts
 Snake:4: 1127 daAuts
Shoals:2: 1116 daAuts
